 Dungeon Crawl Stone Soup version 0.14-a0-2432-g6b3afca (webtiles) character file.

163 4tharraofdagon the Poker (level 5, 0/40 HPs)
             Began as a Merfolk Gladiator on Feb 4, 2014.
             Slain by an ogre
             ... wielding a +0,+0 giant club
              (29 damage)
             ... on Level 4 of the Dungeon.
             The game lasted 00:05:27 (1076 turns).

4tharraofdagon the Poker (Merfolk Gladiator)        Turns: 1076, Time: 00:05:27

HP   0/40        AC  7     Str 16      XL: 5   Next: 12%
MP   5/5         EV 11     Int  7      God:
Gold 35          SH  0     Dex 15      Spells:  0 memorised,  4 levels left

rFire  . . .     SeeInvis .     a - +0 trident
rCold  + . .     Clarity  .     v - +0 ring mail
rNeg   . . .     Conserve .     (no shield)
rPois  .         rCorr    .     c - +0 helmet
rElec  .         rRot     .     (no cloak)
SustAb . .       Spirit   .     o - +0 pair of elf gloves
rMut   .         Warding  .     (no boots)
Saprov . . .     Stasis   .     (no amulet)
MR     .....                    r - ring of protection from cold {unknown}
                                h - ring of wizardry

@: not resistant to hostile enchantments, very unstealthy
A: change form in water, swift swim
a: no special abilities


You were on level 4 of the Dungeon.
You were not hungry.

You visited 1 branch of the dungeon, and saw 4 of its levels.
You also visited: Sewer.

You collected 35 gold pieces.

Inventory:

Hand weapons
 a - a +0,+0 trident (weapon)
 e - a +0,+0 spear
Missiles
 d - 2 throwing nets (quivered)
 m - a throwing net [torn]
Armour
 b - a +0 leather armour
 c - a +0 helmet (worn)
 o - a +0 pair of elven gloves (worn)
 v - a +0 ring mail (worn)
Magical devices
 s - a wand of polymorph (13)
Comestibles
 f - a bread ration
 u - an apple
Scrolls
 g - a scroll of curse weapon {unknown}
 i - 3 scrolls of teleportation {unknown}
 j - 3 scrolls of identify {unknown}
Jewellery
 h - a ring of wizardry (left hand)
 r - a ring of protection from cold (right hand) {unknown}
Potions
 l - 4 potions of flight
 n - 2 potions of invisibility {unknown}
 p - a potion of mutation {unknown}
 q - a potion of confusion {unknown}
 t - 2 potions of curing


   Skills:
 + Level 2.9 Fighting
 * Level 6.0 Polearms
 - Level 2.0 Throwing
 + Level 1.5 Armour
 + Level 4.8 Dodging
 + Level 0.4 Evocations


You had 4 spell levels left.
You didn't know any spells.

Dungeon Overview and Level Annotations

Branches:
Dungeon (4/16)
 Temple: D:4-7

Altars:

Annotations:
D:4 Menkaure


Message History

There is an open door here.
You close the door.
Found 9 gold pieces.
An orc opens the door.
An orc wizard appears from thin air!
Reactivating autopickup.
The orc wizard casts a spell.
The orc wizard flickers and vanishes!
Deactivating autopickup; reactivate with Ctrl-A.
There is a stone staircase leading down here.
Something tries to affect you, but you resist.
You climb downwards.
Level annotation: Menkaure The bat misses you.
The ogre hits you with a giant club!
The rat twitches its whiskers.
The hobgoblin skeleton closely misses you.
There is a stone staircase leading up here.
The bat closely misses you. The ogre hits you with a giant club!
Ouch! That really hurt!
You die...

##### .. ....+...
##.#.#.#.# ........
##b#.#.#.#.
#.@O....?..
####+####z#.#.#.#.#
#.......oO.........
#......r#.#.#.#.#.#
#.......r.........
#.?.....#.#.#.#.#
+......O........
#.......#.#.#.#.#
#.........####.#


You could see 2 ogres, an orc, a bat, 2 rats and a hobgoblin skeleton.

Vanquished Creatures
  A big fish (Sewer)
  An inept item mimic (Sewer)
  2 giant mites
  5 worms
  5 oozes (Sewer)
  2 orcs (D:3)
  8 bats
  A giant cockroach (Sewer)
  2 goblins
  A grey rat (D:3)
  A hobgoblin (D:3)
  4 jackals (Sewer)
  2 giant geckos (Sewer)
  3 giant newts (Sewer)
  A kobold (D:1)
  3 rats
42 creatures vanquished.

Notes
Turn   | Place    | Note
--------------------------------------------------------------
     0 | D:1      | 4tharraofdagon, the Merfolk Gladiator, began the quest for the Orb.
     0 | D:1      | Reached XP level 1. HP: 16/16 MP: 1/1
   170 | D:3      | Reached XP level 2. HP: 9/23 MP: 2/2
   189 | D:3      | Found a glowing drain.
   196 | Sewer    | Entered a sewer
   222 | Sewer    | Reached skill level 1 in Armour
   299 | Sewer    | Reached XP level 3. HP: 19/28 MP: 3/3
   406 | Sewer    | Reached skill level 5 in Polearms
   406 | Sewer    | Reached XP level 4. HP: 12/34 MP: 4/4
   815 | D:3      | Reached skill level 6 in Polearms
   847 | D:2      | Reached XP level 5. HP: 24/40 MP: 5/5
   953 | D:4      | Noticed an ogre
   954 | D:4      | Noticed an ogre
   966 | D:4      | Noticed Menkaure
  1025 | D:3      | Noticed an orc wizard
  1076 | D:4      | Slain by an ogre

Action                   |  1- 3 |  4- 6 || total
-------------------------+-------+-------++-------
Melee: Trident           |    72 |   116 ||   188
Throw: Throwing net      |     2 |       ||     2
Evoke: Wand              |       |     1 ||     1
  Use: Potion            |     3 |     1 ||     4
       Scroll            |       |     1 ||     1
 Stab: Held in net/web   |     1 |       ||     1
